 Dungeon Crawl Stone Soup version 0.32-a0-7-ge934b4519a (console) character file.

Game seed: 11469395920179697053

6118 petzl the Shield-Bearer (level 11, -6/37 (79) HPs)
             Began as a Formicid Delver on Jan 13, 2024.
             Was a Believer of Vehumet.
             Mangled by a manticore (7 damage)
             ... on level 15 of the Dungeon.
             The game lasted 01:16:11 (12636 turns).

petzl the Shield-Bearer (Formicid Delver)          Turns: 12636, Time: 01:16:12

HP:   -6/37 (79)    AC:  9    Str: 18    XL:     11   Next: 12%
MP:   0/29          EV: 14    Int: 13    God:    Vehumet [**....]
Gold: 261           SH:  7    Dex: 21    Spells: 11/22 levels left

rFire   + . .        b - +0 dagger (venom) {!f =f}
rCold   . . .        k - +0 buckler
rNeg    . . .        f - +2 robe {rF+}
rPois   .            (helmet unavailable)
rElec   .            G - +0 cloak
rCorr   .            T - +2 pair of gloves
SInv    +            (no boots)
Will    +....        P - amulet of guardian spirit
Stlth   ++++         F - ring of magical power
HPRegen 0.26/turn    M - +6 ring of dexterity
MPRegen 0.21/turn

%: guardian spirit
@: mighty, extremely drained
A: permanent stasis, dig shafts and tunnels, antennae 3, four strong arms
a: Dig, Shaft Self, Renounce Religion


You were on level 15 of the Dungeon.
You worshipped Vehumet.
Vehumet was pleased with you.
You visited 1 branch of the dungeon, and saw 15 of its levels.

You collected 363 gold pieces.
You spent 102 gold pieces at shops.

Inventory:

Hand Weapons
 a - a +3 shortbow of chaos
 b - a +0 dagger of venom (weapon) {!f =f}
 d - a +1 flail of protection
 e - a +0 orcbow of flaming
 g - a +2 long sword of electrocution
 i - a +0 dagger of holy wrath {!f =f}
 y - a +1 halberd of freezing
 B - a +1 dagger of draining {!f =f}
 C - a +0 quarterstaff
 I - a +3 trident of draining
 K - a +0 heavy lajatang
 N - a +2 morningstar of freezing
 Q - a +3 trident of protection
Missiles
 v - 20 poisoned darts (quivered)
 U - a curare-tipped dart
Armour
 f - a +2 robe of fire resistance (worn)
 k - a +0 buckler (worn)
 E - a +0 ring mail
 G - a +0 cloak (worn)
 J - an orb of guile
 L - a +0 robe of willpower
 O - a +0 robe of positive energy
 T - a +2 pair of gloves (worn)
Jewellery
 w - a ring of ice
 F - a ring of magical power (left hand)
 M - a +6 ring of dexterity (right hand)
 P - an amulet of guardian spirit (around neck)
Wands
 h - a wand of acid (12)
 x - a wand of iceblast (11)
Scrolls
 c - 5 scrolls of fog
 j - 4 scrolls of amnesia
 o - 2 scrolls of enchant armour
 r - a scroll of vulnerability
 u - a scroll of silence
 A - a scroll of identify
 S - a scroll of immolation
 V - a scroll of noise
Potions
 m - 2 potions of might
 n - 2 potions of brilliance
 q - a potion of magic
 t - a potion of cancellation
 z - a potion of enlightenment
 H - a potion of curing


   Skills:
 - Level 5.0 Fighting
 - Level 2.0 Maces & Flails
 - Level 5.0 Ranged Weapons
 + Level 6.3 Armour
 + Level 3.9 Dodging
 - Level 6.0 Stealth
 + Level 7.0 Shields
 + Level 6.1 Spellcasting
 * Level 5.2 Conjurations
 * Level 5.4 Translocations
 + Level 1.5 Ice Magic
 + Level 3.3 Air Magic
 - Level 2.0 Evocations


You had 11 spell levels left.
You knew the following spells:

 Your Spells              Type           Power      Damage    Failure   Level
a - Shock                 Conj/Air       60%        1d6       3%          1
b - Iskenderun's Mystic   Conj/Tloc      17%        2d5       22%         4
c - Hailstorm             Conj/Ice       12%        3d6       16%         3
A - Ozocubu's Armour      Ice            7%         N/A       32%         3

Your spell library contained the following spells:

 Spells                   Type           Power      Damage    Failure   Level
 Lesser Beckoning         Tloc           36%        N/A       3%          2
 Momentum Strike          Conj/Tloc      34%        3d8       3%          2
 Volatile Blastmotes      Fire/Tloc      22%        2d11      21%         3
 Ensorcelled Hibernation  Hex/Ice        10%        N/A       22%         2
 Airstrike                Air            6%         2d(1-17)  47%         4
 Passwall                 Erth           3%         N/A       52%         3
 Fulminant Prism          Conj/Alch      5%         3d7       56%         4
 Metabolic Englaciation   Hex/Ice        2%         N/A       99%         5
 Sculpt Simulacrum        Ice/Alch       2%         N/A       100%        6
 Blink                    Tloc           Unusable   N/A       N/A         2
 Swiftness                Air            Unusable   N/A       N/A         3

Dungeon Overview and Level Annotations

Branches:
Dungeon (14/15)            Temple (0/1) D:7
   Lair: D:8-11         Orc: D:9-12      Vaults: D:13-14

Altars:
Elyvilon
Gozag
Kikubaaqudgha
Okawaru
Qazlal
Sif Muna
Vehumet
Yredelemnul

Shops:
D:2 *?:**

Annotations:
D:3 exclusion: black bear
D:4 exclusion: downstairs
D:6 exclusion: 2 downstairs
D:7 Joseph
D:8 exclusions: two-headed ogre and wyvern
D:14 exclusion: upstairs
D:15 3 runed translucent doors


Innate Abilities, Weirdness & Mutations

You cannot be hasted, slowed, berserked, paralysed or teleported.
You can dig through walls and to a lower floor.
You have a pair of large antennae on your head. (SInv)
Your four strong arms can wield two-handed weapons with a shield.


Message History

Fire: a) +3 shortbow (chaos)
Press: ? - help, Q - select action, (/) - cycle Shift-Dir - straight line
Okay, then.
Unknown command.
Fire: a) +3 shortbow (chaos)
Press: ? - help, Q - select action, (/) - cycle Shift-Dir - straight line, f - you
Okay, then.
Unknown command.
Unknown command.
Unknown command.
You extend your mandibles.
You dig through the rock wall.
You feel drained.
Your +0 dagger of venom {!f =f} begins to drip with poison!
b - a +0 dagger of venom (weapon)
{!f =f} The manticore flicks its tail.
You block the volley of spikes.
You retract your mandibles.
The manticore bites you.
The manticore claws you but does no damage.
The manticore misses you.
You hit the manticore.
The manticore is poisoned.
The manticore is lightly wounded.
The manticore bites you! The manticore claws you!
You block the manticore's attack.
You hit the manticore but do no damage.
The manticore is lightly wounded.
You block the manticore's attack. The manticore claws you!
You block the manticore's attack.
You hit the manticore.
The manticore looks as sick as possible!
The manticore is lightly wounded.
The manticore bites you!
* * * LOW HITPOINT WARNING * * *
The manticore barely misses you. You block the manticore's attack.
You feel much better. The manticore bites you!!
The manticore claws you but does no damage.
The manticore misses you.
You feel very mighty all of a sudden. The manticore bites you!
* * * LOW HITPOINT WARNING * * *
The manticore claws you!
You die...

#..§.§.. ##......
##....... #........
#.......z #.......{
##...^.{. ##...#{.
##.#### #.# #.# #z# #
#.# # #.# ## ##{##.#
#{{#H.# ### #.{...#
#.##############....#
#@#{#.#.#.#.#.#..#..#
##H#.#.#.#.#.#...####
#################


You could see a manticore (extremely poisoned).

Vanquished Creatures
  An ice statue (D:11)
  Jeremiah (D:6)
  A gargoyle (D:11)
  Grinder (D:5)
  A hornet (D:8)
  3 slime creatures (D:15)
  2 wyverns
  A wraith (D:9)
  Edmund (D:4)
  An acid dragon (D:8)
  A sky beast (D:8)
  4 ice beasts
  2 orc warriors (D:9)
  2 ogres (D:5)
  2 laughing skulls (D:13)
  4 centaurs
  2 phantoms
  2 kobold brigands
  3 bullfrogs
  A gnoll sergeant (D:9)
  A scorpion (D:7)
  7 wights
  5 killer bees
  A howler monkey (D:8)
  5 electric eels
  A bombardier beetle (D:3)
  5 hounds
  5 jellies
  A gnoll bouda (D:6)
  An orc priest (D:9)
  4 iguanas
  6 orc wizards
  Robin (D:2)
  16 gnolls
  8 adders
  A shadow imp (D:5)
  2 ufetubi (D:6)
  2 dart slugs
  25 orcs
  2 bats
  13 endoplasms
  2 giant cockroaches
  15 hobgoblins
  5 jackals
  A quokka (D:3)
  6 ball pythons
  A frilled lizard (D:2)
  15 goblins
  28 kobolds
  6 rats
227 creatures vanquished.

Notes
Turn   | Place    | Note
-------+----------+-------------------------------------------
     0 | D:5      | petzl the Formicid Delver began the quest for the Orb.
     0 | D:5      | Reached XP level 1. HP: 18/18 MP: 1/1
     3 | D:6      | Noticed a hound
    33 | D:5      | Noticed an iguana
    35 | D:5      | Noticed an iguana
    59 | D:4      | Noticed an iguana
    69 | D:4      | Noticed a bombardier beetle
    94 | D:3      | You fall into a shaft and drop 1 floor!
   168 | D:2      | Found Sicid's General Store.
   263 | D:2      | Found Gairuot's Magic Scroll Emporium.
   360 | D:2      | Found Taem's General Store.
   400 | D:3      | Noticed a jelly
   408 | D:3      | Killed a jelly
   409 | D:3      | Reached skill level 1 in Ranged Weapons
   409 | D:3      | Reached XP level 2. HP: 24/24 MP: 3/5
   409 | D:3      | Reached XP level 3. HP: 29/29 MP: 3/6
   473 | D:2      | Bought a scroll of identify for 22 gold pieces
   580 | D:2      | Found Qiureic's Assorted Antiques.
   762 | D:1      | Reached XP level 4. HP: 31/35 MP: 7/7
  1635 | D:2      | Reached skill level 1 in Shields
  1644 | D:2      | Noticed Robin
  1671 | D:2      | Killed Robin
  1675 | D:2      | Reached XP level 5. HP: 41/41 MP: 8/8
  1713 | D:2      | Found Plog's Book Shop.
  2097 | D:2      | Bought an orange potion for 18 gold pieces
  2097 | D:2      | Bought a scroll labelled VUCLONA OLAPLA for 20 gold pieces
  2097 | D:2      | Bought a scroll labelled IMODACVU PUKLA for 20 gold pieces
  2149 | D:2      | Bought a scroll of identify for 22 gold pieces
  2435 | D:3      | Reached skill level 1 in Armour
  2435 | D:3      | Reached skill level 1 in Evocations
  2955 | D:3      | Noticed a black bear
  3144 | D:3      | Reached skill level 2 in Shields
  3144 | D:3      | Reached XP level 6. HP: 46/48 MP: 6/9
  3466 | D:4      | Noticed Edmund
  3561 | D:4      | Reached XP level 7. HP: 15/54 MP: 3/11
  4275 | D:5      | Noticed Grinder
  4494 | D:4      | Found an iron altar of Okawaru.
  4494 | D:4      | Found a white marble altar of Elyvilon.
  4494 | D:4      | Found a radiant altar of Vehumet.
  4494 | D:4      | Found a radiant altar of Vehumet.
  4494 | D:4      | Found a stormy altar of Qazlal.
  4494 | D:4      | Found an ancient bone altar of Kikubaaqudgha.
  4507 | D:4      | Reached skill level 3 in Shields
  4545 | D:4      | Became a worshipper of Vehumet
  4759 | D:5      | You fall into a shaft and drop 1 floor!
  4910 | D:7      | Reached XP level 8. HP: 61/61 MP: 13/13
  4938 | D:6      | Reached skill level 5 in Ranged Weapons
  5115 | D:6      | Reached skill level 4 in Shields
  5127 | D:6      | Reached skill level 5 in Fighting
  5573 | D:6      | Reached * piety under Vehumet
  5573 | D:6      | Offered knowledge of Shock by Vehumet.
  5585 | D:6      | Learned a level 4 spell: Iskenderun's Mystic Blast
  5587 | D:6      | Learned a level 1 spell: Shock
  5726 | D:6      | Reached skill level 5 in Shields
  5795 | D:5      | Found an opulent altar of Gozag.
  5862 | D:5      | Reached skill level 1 in Conjurations
  5862 | D:5      | Reached skill level 1 in Translocations
  5944 | D:5      | Reached XP level 9. HP: 66/66 MP: 15/15
  6462 | D:4      | Killed Edmund
  6463 | D:4      | Reached skill level 1 in Air Magic
  6635 | D:5      | Killed Grinder
  7065 | D:6      | Noticed Jeremiah
  7663 | D:7      | Reached skill level 5 in Spellcasting
  8038 | D:7      | Reached skill level 5 in Armour
  8222 | D:7      | Noticed Joseph
  8659 | D:6      | Killed Jeremiah
  8860 | D:7      | Found a staircase to the Ecumenical Temple.
  9166 | D:7      | Reached XP level 10. HP: 74/74 MP: 17/17
  9268 | D:7      | Found a stormy altar of Qazlal.
  9268 | D:7      | Found a shimmering blue altar of Sif Muna.
  9552 | D:8      | Noticed a two-headed ogre
  9761 | D:8      | Reached ** piety under Vehumet
  9761 | D:8      | Offered knowledge of Scorch by Vehumet.
  9762 | D:8      | Reached skill level 6 in Shields
  9965 | D:8      | Noticed a cyan ugly thing
 10012 | D:8      | You fall into a shaft and drop 1 floor!
 10417 | D:10     | Entered Level 10 of the Dungeon
 10772 | D:8      | You fall into a shaft and drop 2 floors!
 10900 | D:10     | Learned a level 3 spell: Ozocubu's Armour
 10981 | D:11     | Offered knowledge of Hailstorm by Vehumet.
 10986 | D:11     | Learned a level 3 spell: Hailstorm
 11275 | D:11     | Noticed an ice statue
 11275 | D:11     | Noticed a gargoyle
 11302 | D:11     | Killed a gargoyle
 11303 | D:11     | Reached skill level 5 in Translocations
 11436 | D:11     | Killed an ice statue
 11437 | D:11     | Reached skill level 5 in Conjurations
 11437 | D:11     | Reached skill level 1 in Ice Magic
 11603 | D:12     | Reached *** piety under Vehumet
 11637 | D:12     | You fall into a shaft and drop 2 floors!
 11767 | D:13     | Noticed a centaur warrior
 11952 | D:13     | Reached XP level 11. HP: 39/66 MP: 15/20
 12086 | D:12     | You fall into a shaft and drop 3 floors!
 12086 | D:15     | Entered Level 15 of the Dungeon
 12091 | D:15     | Noticed a skeletal warrior
 12253 | D:15     | Found a basalt altar of Yredelemnul.
 12290 | D:15     | Reached skill level 7 in Shields
 12577 | D:15     | Noticed a skeletal warrior
 12583 | D:15     | Found a runed translucent gate.
 12583 | D:15     | Noticed a deep elf archer
 12583 | D:15     | Noticed a skeletal warrior
 12584 | D:15     | Found a runed translucent gate.
 12584 | D:15     | Found a runed translucent gate.
 12596 | D:15     | Noticed a skeletal warrior
 12604 | D:15     | Noticed a skeletal warrior
 12610 | D:15     | Noticed a manticore
 12636 | D:15     | HP: 1/37 [manticore (13)]
 12636 | D:15     | Mangled by a manticore

Illustrated notes

Levels and vault maps discovered:
D:1:      dpeg_arrival_arbitrary_a, layout_rooms, minmay_octomino_e4
D:2:      layout_loops_corners, serial_shops, nicolae_shop_crystal,
          nicolae_shop_hallway_stairs, shop, shop, shop, st_stairs_11,
          chequers_big_river, minivault_19, uniq_robin
D:3:      layout_loops_ring
D:4:      cheibrodos_fertilizer, layout_rooms, uniq_edmund
D:5:      layout_gridville, grunt_gozag_breadcrumbs, uniq_grinder
D:6:      layout_basic, uniq_jeremiah
D:7:      layout_layer_cave, gammafunk_temple_overflow_elements,
          minmay_temple_entry_fiery, serial_library_hellmonk_statue_hall,
          serial_bayou_pond_b, uniq_joseph
D:8:      layout_loops_ring
D:9:      layout_basic, david_lair_shrubbed
D:10:     layout_roguey, marbit_many_paths, minmay_misc_feat_alley
D:11:     lemuel_ice_statue, layout_long_grid, david_orc_1_choice, serial_shops,
          nicolae_shop_peninsula, special_room [special_room_bee],
          nicolae_ru_path_of_blood
D:12:     layout_rooms
D:13:     layout_cave_pods, grunt_vaults_entry_tiered, serial_bayou_lake_a,
          uniq_erolcha
D:14:     layout_basic, lemuel_blue_sif_altar, tgw_trog
D:15:     hellmonk_depths_entry_around_the_bend, layout_rooms,
          yredelemnul_altar_generic, gammafunk_ghost_fury_of_okawaru

Skill      XL: |  1  2  3  4  5  6  7  8  9 10 11 |
---------------+----------------------------------+-----
Ranged Weapons | 1 2 3 4 5 |  5.0
Spellcasting   | 2 3 4 5 6 |  6.1
Shields        | 1 2 3 5 6 7 |  7.0
Armour         | 1 2 4 5 6 |  6.3
Evocations     | 1 2 |  2.0
Fighting       | 4 5 |  5.0
Conjurations   | 1 3 5 |  5.2
Translocations | 1 3 5 |  5.4
Air Magic      | 2 3 |  3.3
Dodging        | 2 3 |  3.9
Ice Magic      | 1 |  1.5
Maces & Flails | |  2.0
Stealth        | |  6.0

Action                     |  1- 3 |  4- 6 |  7- 9 | 10-12 || total
---------------------------+-------+-------+-------+-------++-------
  Melee: Mace              |    18 |   107 |     8 |       ||   133
         Punch             |       |     1 |     3 |       ||     4
         Dagger            |       |       |   201 |    74 ||   275
         Flail             |       |       |       |    22 ||    22
         Long sword        |       |       |       |    14 ||    14
   Fire: Sling             |    55 |   165 |    65 |       ||   285
         Orcbow            |       |       |   155 |   159 ||   314
         Shortbow          |       |       |       |    61 ||    61
  Throw: Dart              |       |       |    11 |       ||    11
Ability: Shaft Self        |     1 |       |     1 |     4 ||     6
         Dig               |       |     1 |     2 |     5 ||     8
  Evoke: Wand              |       |     1 |    36 |    26 ||    63
    Use: Scroll            |     1 |     6 |     3 |     9 ||    19
         Potion            |       |     3 |     2 |     3 ||     8
   Stab: Confused          |       |       |       |     1 ||     1
 Armour: Leather armour    |    39 |    15 |       |       ||    54
         Scale mail        |       |   105 |   209 |       ||   314
         Ring mail         |       |       |    65 |     2 ||    67
         Robe              |       |       |       |   165 ||   165
  Dodge: Dodged            |    37 |   101 |   194 |   128 ||   460
  Block: Buckler           |       |       |    15 |    88 ||   103

Table legend: (Time is in decaauts)
 A = Elapsed time spent in this place.
 B = Non-inter-level travel time spent in this place.
 C = Inter-level travel time spent in this place.
 D = Time resting spent in this place.
 E = Time spent auto-exploring this place.
 F = Levels seen in this place.
 G = Mean time per level.
                   A        B        C        D        E       F      G
               +--------+--------+--------+--------+--------+-----+--------+
         Total |  12907 |  11859 |   1048 |   2927 |   3823 |  15 |  860.5 |
       Dungeon |  12907 |  11859 |   1048 |   2927 |   3823 |  15 |  860.5 |
               +--------+--------+--------+--------+--------+-----+--------+

Top non-repeatable levels by time:
     D:6: 2127 daAuts
     D:3: 1582 daAuts
     D:2: 1322 daAuts
     D:4: 1308 daAuts
     D:5: 1287 daAuts
     D:7: 1225 daAuts
     D:1: 771 daAuts
     D:8: 717 daAuts
    D:11: 690 daAuts
     D:9: 662 daAuts
    D:15: 552 daAuts
    D:14: 389 daAuts
    D:10: 158 daAuts
    D:12: 78 daAuts
    D:13: 32 daAuts
